 Dungeon Crawl Stone Soup version 0.28.0-53-g5a82cb258f (webtiles) character file.

Game seed: 4585889026977151648

1897 Infinimo the Geomancer (level 9, -8/45 HPs)
             Began as a Gargoyle Earth Elementalist on June 5, 2022.
             Killed by divine providence
             ... invoked by an orc priest
              (12 damage)
             ... on level 6 of the Dungeon.
             The game lasted 00:09:28 (8499 turns).

Infinimo the Geomancer (GrEE)                       Turns: 8499, Time: 00:09:29

Health: -8/45      AC:  9    Str: 13    XL:     9   Next: 15%
Magic:  16/18      EV: 26    Int: 19    God:
Gold:   273        SH:  0    Dex: 10    Spells: 14/20 levels left

rFire   . . .      SeeInvis .   a - +0 dagger
rCold   + . .      Faith    .   (no shield)
rNeg    + + +      Spirit   .   b - +0 robe
rPois   ∞          Reflect  .   (no helmet)
rElec   +          Harm     .   t - +0 cloak
rCorr   +          Rampage  .   (no gloves)
Will    .....                   (no boots)
Stlth   ++........              r - amulet of Etziuwua {Acrobat rElec rC+ rN++}
HPRegen 0.15/turn               d - ring of resist corrosion
MPRegen 0.16/turn               y - ring of wizardry

@: acrobatic, studying Throwing
A: sickness immunity, AC +6, negative energy resistance 1, electricity
resistance, torment resistance 1, petrification resistance
a: no special abilities


You were on level 6 of the Dungeon.
You visited 2 branches of the dungeon, and saw 7 of its levels.

You collected 273 gold pieces.

Inventory:

Hand Weapons
 a - a +0 dagger (weapon)
Missiles
 g - 17 stones
Armour
 b - a +0 robe (worn)
 t - a +0 cloak (worn)
Jewellery
 d - a ring of resist corrosion (left hand)
 r - the amulet of Etziuwua (around neck) {Acrobat rElec rC+ rN++}
   (You found it on level 5 of the Dungeon)

   [amulet of the acrobat]

   It increases your evasion while moving and waiting.
   rC:        It protects you from cold.
   rElec:     It insulates you from electricity.
   rN:        It greatly protects you from negative energy.
 y - a ring of wizardry (right hand)
Wands
 x - a wand of iceblast (8)
Scrolls
 e - a scroll of amnesia {unknown}
 h - 3 scrolls of brand weapon {unknown}
 i - 4 scrolls of teleportation {unknown}
 k - 5 scrolls of identify {unknown}
 l - 2 scrolls of blinking {unknown}
 o - 2 scrolls of enchant armour {unknown}
 p - a scroll of summoning {unknown}
 w - a scroll of holy word {unknown}
Potions
 c - a potion of invisibility {unknown}
 f - a potion of attraction {unknown}
 j - 2 potions of flight {unknown}
 m - 3 potions of brilliance {unknown}
 n - a potion of resistance {unknown}
 q - a potion of ambrosia {unknown}
 s - 2 potions of might {unknown}
 u - 2 potions of degeneration {unknown}
 v - a potion of lignification {unknown}


   Skills:
 - Level 1.5 Dodging
 - Level 2.1 Stealth
 + Level 6.3 Spellcasting
 - Level 0.7 Transmutations
 * Level 11.9 Earth Magic


You had 14 spell levels left.
You knew the following spells:

 Your Spells              Type           Power      Damage    Failure   Level
a - Sandblast             Erth           100%       2d20      1%          1
b - Stone Arrow           Conj/Erth      56%        3d10      1%          3
c - Poisonous Vapours     Pois/Air       12%        N/A       6%          2

Your spell library contained the following spells:

 Spells                   Type           Power      Damage    Failure   Level
 Passwall                 Tmut/Erth      25%        N/A       1%          2
 Petrify                  Tmut/Erth      30%        N/A       3%          4
 Apportation              Tloc           12%        N/A       4%          1
 Corpse Rot               Necr/Air       12%        N/A       6%          2
 Alistair's Intoxication  Tmut/Pois      4%         N/A       67%         5


Dungeon Overview and Level Annotations

Branches:
Dungeon (6/15)             Temple (1/1) D:4

Altars:
Ashenzari
Dithmenos
Elyvilon
Fedhas
Gozag
Hepliaklqana
Kikubaaqudgha
Makhleb
Okawaru
Qazlal
Ru
Uskayaw
Wu Jian
Xom
Yredelemnul
The Shining One

Shops:
D:1 =


Innate Abilities, Weirdness & Mutations

You are immune to sickness and miasma.
Your stone body is resilient. (AC +6)
You are immune to poison.
You resist negative energy. (rN+)
You are resistant to electric shocks. (rElec)
You are resistant to unholy torment.
You are immune to petrification.


Message History

a +0 ring mail; a +0 hand axe
Things that are here:
a +0 ring mail; a +0 war axe The two-headed ogre closely misses you. x2
Casting: Poisonous Vapours (safe; 6% risk of failure)
Confirm with . or Enter, or press ? or * to list all spells.
Aiming: Poisonous Vapours (safe; 6% risk of failure)
Press: ? - help, Dir - move target, f/p - two-headed ogre
Aim: a two-headed ogre, wielding two +0 giant spiked clubs (heavily wounded) Poisonous vapours surround the two-headed ogre!
The two-headed ogre is poisoned.
Casting: Poisonous Vapours (safe; 6% risk of failure)
Confirm with . or Enter, or press ? or * to list all spells.
Aiming: Poisonous Vapours (safe; 6% risk of failure)
Press: ? - help, Dir - move target, f/p - two-headed ogre
Aim: a two-headed ogre, wielding two +0 giant spiked clubs (heavily wounded, poisoned) Poisonous vapours surround the two-headed ogre!
The two-headed ogre looks even sicker.
The two-headed ogre hits you with a +0 giant spiked club!!
Ouch! That really hurt!
* * * LOW HITPOINT WARNING * * *
The two-headed ogre hits you but does no damage.
Things that are here:
a +0 rapier; a +0 leather armour
Things that are here:
a +0 ring mail; a +0 club
Things that are here:
a +0 ring mail; a +0 hand axe The two-headed ogre looks more healthy.
Things that are here:
a +0 ring mail; a +0 war axe The orc priest shouts!
The orc warrior shouts!
You hear a shout!
The orc priest looks satisfied for a moment.
The two-headed ogre hits you with a +0 giant spiked club!
* * * LOW HITPOINT WARNING * * *
The two-headed ogre misses you.
The orc priest invokes the aid of Beogh against you.
Beogh smites you!
You die...

..........o..##......#
.########....##......#
.#)....##....##..o...#####
<.[[.[.)......#..o........
#######....#..#...........
...........#..#.......(...
#######.)..#..###O[.......
#)...#...##.........
#....#.#..@.....###.
#....#.#..###.###
.......#..# .# ..
########.!# .# ... #..# .#
... ...) ... ..... ###
...... .......


You could see a two-headed ogre, an orc warrior and an orc priest.

Vanquished Creatures
  Eustachio (D:5)
  A wyvern (D:6)
  3 yaks
  An ice beast (D:5)
  2 ogres (D:5)
  2 centaurs (D:5)
  A scorpion (D:5)
  A water moccasin zombie (D:5)
  A howler monkey (D:5)
  3 hounds (D:5)
  A jelly (D:4)
  3 orc priests (D:6)
  An orc wizard (D:6)
  4 iguanas (D:5)
  A hound zombie (D:5)
  4 gnolls (D:2)
  A howler monkey skeleton (D:5)
  9 adders
  A shadow imp (D:5)
  3 worms
  3 dart slugs
  13 orcs
  7 bats
  8 endoplasms
  3 giant cockroaches
  6 goblins
  5 hobgoblins
  3 kobolds (D:2)
  5 quokkas
  8 ball pythons
  7 frilled lizards
  4 rats
116 creatures vanquished.

Notes
Turn   | Place    | Note
-------+----------+-------------------------------------------
     0 | D:1      | Infinimo the Gargoyle Earth Elementalist began the quest
                  | for the Orb.
     0 | D:1      | Reached XP level 1. HP: 10/10 MP: 3/3
   312 | D:1      | Reached skill level 4 in Earth Magic
   388 | D:1      | Reached XP level 2. HP: 14/15 MP: 5/5
   602 | D:1      | Found a faded altar of an unknown god.
  1131 | D:1      | Reached XP level 3. HP: 19/19 MP: 6/6
  1476 | D:1      | Found Nampassa's Jewellery Shop.
  1925 | D:2      | Reached skill level 5 in Earth Magic
  1962 | D:2      | Reached XP level 4. HP: 13/24 MP: 1/8
  2817 | D:2      | Reached XP level 5. HP: 20/28 MP: 7/9
  2819 | D:2      | Reached skill level 6 in Earth Magic
  4713 | D:4      | Found a staircase to the Ecumenical Temple.
  5146 | D:4      | Reached XP level 6. HP: 32/32 MP: 8/11
  5205 | Temple   | Entered the Ecumenical Temple
  5469 | D:5      | Entered Level 5 of the Dungeon
  5475 | D:5      | Identified the amulet of Etziuwua {Acrobat rElec rC+ rN++}
  5495 | D:5      | Reached skill level 7 in Earth Magic
  5658 | D:5      | Found a stormy altar of Qazlal.
  5816 | D:5      | Noticed Eustachio
  5832 | D:5      | Killed Eustachio
  5833 | D:5      | Reached XP level 7. HP: 9/36 MP: 3/13
  5865 | D:5      | Reached skill level 8 in Earth Magic
  6142 | D:5      | Found a glowing golden altar of the Shining One.
  6286 | D:5      | Reached skill level 9 in Earth Magic
  6597 | D:4      | Learned a level 3 spell: Stone Arrow
  6686 | D:5      | Reached XP level 8. HP: 21/41 MP: 11/15
  6936 | D:5      | Reached skill level 5 in Spellcasting
  7270 | D:5      | Reached skill level 10 in Earth Magic
  7945 | D:6      | Noticed a wyvern
  7951 | D:6      | Killed a wyvern
  7952 | D:6      | Reached skill level 11 in Earth Magic
  8047 | D:6      | Noticed a yak
  8047 | D:6      | Noticed a yak
  8047 | D:6      | Noticed a yak
  8078 | D:6      | Noticed a yak
  8079 | D:6      | Killed a yak
  8189 | D:5      | Killed a yak
  8190 | D:5      | Reached XP level 9. HP: 38/45 MP: 5/18
  8270 | D:5      | Learned a level 2 spell: Poisonous Vapours
  8394 | D:6      | Noticed a two-headed ogre
  8499 | D:6      | Killed from afar by an orc priest

Illustrated notes

Levels and vault maps discovered:
D:1:      giann_wishing_wells, layout_loops_ring, serial_shops, shop,
          basic_ecumenical_altar
D:2:      minmay_alternating_diamond, layout_loops_ring, lightli_corner_chamber
D:3:      layout_loops_ring, grunt_decor_arrowhead
D:4:      layout_basic, minmay_temple_entry_large_hall
D:5:      minmay_octagon_keep, layout_basic, lemuel_doored_altar,
          nicolae_overflow_crystal_walls, nrook_pool_corridor,
          minmay_manual_mares, uniq_eustachio
D:6:      layout_basic, ebering_ghost_sewer_d, kb_rosetta, uniq_edmund
Temple:   minmay_temple_curvy_branch

Skill      XL: |  1  2  3  4  5  6  7  8 |
---------------+-------------------------+-----
Earth Magic    | 4 5 6 7 9 11 | 11.9
Spellcasting   | 3 4 6 |  6.3
Dodging        | |  1.5
Stealth        | |  2.1
Transmutations | |  0.7

Action                   |  1- 3 |  4- 6 |  7- 9 || total
-------------------------+-------+-------+-------++-------
Melee: Unarmed           |    21 |       |       ||    21
       Dagger            |    91 |   107 |    41 ||   239
       Punch             |     1 |     1 |     3 ||     5
 Cast: Sandblast         |    16 |    72 |    26 ||   114
       Stone Arrow       |       |       |    46 ||    46
       Poisonous Vapours |       |       |    13 ||    13
 Stab: Sleeping          |     5 |     3 |       ||     8
Armor: Robe              |    47 |    48 |    28 ||   123
Dodge: Dodged            |    68 |    69 |    47 ||   184
